 Dungeon Crawl Stone Soup version 0.20-a0-443-g0464b71 (webtiles) character file.

1034 ChocoNymphy the Covert (level 8, -13/60 HPs)
             Began as a Vine Stalker Assassin on Jan 7, 2017.
             Was an Initiate of Gozag.
             Killed from afar by a hippogriff (22 damage)
             ... with an exploding inner flame
             ... hexed by the player character
             ... on level 5 of the Dungeon.
             The game lasted 00:29:30 (5141 turns).

ChocoNymphy the Covert (Vine Stalker Assassin)      Turns: 5141, Time: 00:29:30

Health: -13/60     AC: 24    Str: 15    XL:     8   Next: 24%
Magic:  0/9        EV:  2    Int: 11    God:    Gozag
Gold:   263        SH:  0    Dex: 17    Spells: 7/7 levels left

rFire  . . .     SeeInvis .     D - staff of death
rCold  . . .     Gourm    .     (armour currently unavailable)
rNeg   + + +     Faith    .     (no shield)
rPois  +         Spirit   +     (helmet currently unavailable)
rElec  .         Reflect  .     (cloak currently unavailable)
rCorr  .         Harm     .     (gloves currently unavailable)
MR     +....     NoTele   +     (boots currently unavailable)
Stlth  ++++......               (no amulet)
                                (no ring)
                                A - ring of poison resistance

@: tree-form
A: (fangs 0), regeneration 1, magic shield, (antimagic bite), no potion heal 3,
rot immunity
a: Potion Petition, Call Merchant, Bribe Branch, Renounce Religion


You were on level 5 of the Dungeon.
You worshipped Gozag.
Gozag was aware of your devotion.
You were not hungry.
You were a tree.
You visited 2 branches of the dungeon, and saw 7 of its levels.

You collected 315 gold pieces.
You paid 52 gold pieces to Gozag.

Inventory:

Hand Weapons
 a - a +2 dagger
 b - a +1 blowgun
Missiles
 e - 42 poisoned needles
 f - 2 curare-tipped needles
 k - 38 sling bullets
 w - 15 bolts
Armour
 d - a +0 cloak (melded)
 j - a +0 pair of boots (melded)
 n - a +0 helmet of see invisible (melded)
 u - a +0 pair of gloves (melded)
 E - a +2 leather armour of cold resistance (melded)
Magical Staves
 D - an uncursed staff of death (weapon)
Jewellery
 A - a ring of poison resistance (left branch)
Wands
 l - a wand of iceblast (0/15)
 t - a wand of lightning (0/15)
 z - a wand of flame (4/48)
Scrolls
 m - 3 scrolls of noise
 p - a scroll of amnesia
 r - 2 scrolls of fog
 v - a scroll of remove curse
 x - a scroll of enchant weapon
 y - 2 scrolls of random uselessness
Potions
 i - 4 potions of heal wounds
 C - a potion of lignification
Comestibles
 g - 2 bread rations
 q - a meat ration


   Skills:
 + Level 3.3 Fighting
 + Level 5.1 Short Blades
 + Level 0.1 Staves
 + Level 1.7 Throwing
 + Level 0.4 Armour
 + Level 3.2 Dodging
 + Level 8.4 Stealth
 + Level 1.2 Evocations


You had 7 spell levels left.
You didn't know any spells.

Dungeon Overview and Level Annotations

Branches:
Dungeon (6/15)             Temple (1/1) D:4

Altars:
Ashenzari
Cheibriados
Elyvilon
Fedhas
Gozag
Hepliaklqana
Kikubaaqudgha
Nemelex Xobeh
Ru
Sif Muna
Trog
Vehumet
Xom

Shops:
D:5 *[


Innate Abilities, Weirdness & Mutations

((You have razor-sharp teeth.))
Your natural rate of healing is unusually fast.
When hurt, damage is shared between your health and your magic reserves.
((Your bite disrupts and absorbs the magic of your enemies.))
Potions cannot restore your health.
You are immune to rotting.


Message History

The hippogriff claws you but does no damage.
Evoke which item? (* to show all) (? for menu, Esc to quit)
Aiming: Throw Flame
Press: ? - help, Shift-Dir - straight line, f/p - hippogriff
Aim: a hippogriff (almost dead, inner flame)
The puff of flame hits the hippogriff.
The hippogriff is almost dead.
This wand has 4 charges left.
The hippogriff bites you but does no damage.
The hippogriff completely misses you. The hippogriff claws you.
* * * LOW HITPOINT WARNING * * *
Evoke which item? (* to show all) (? for menu, Esc to quit)
Aiming: Throw Flame
Press: ? - help, Shift-Dir - straight line, f/p - hippogriff
Aim: a hippogriff (almost dead, inner flame)
The puff of flame hits the hippogriff.
The hippogriff explodes!
The fiery explosion engulfs you!
You die...
Your body crumbles into a pile of gold.

...................#
........##.........#
.#.#######.........#
...#######.#.#..####
#...5..#...#.##.)##
...###.......###..##
#..###...##...###..####
#..##..#####..§###....#
...........###§§♣..##.##
...#######.# #§###..#..#
#..######..# #.# ##.##[#
#...#.....## #.###...#.#
##....#.(## #.#...###.#
##.#.....# #.#.### #.#
.........#####...# #.#
##.#......#.....#### #.#
##.###..#.#.###....# #)#


There were no monsters in sight!

Vanquished Creatures
  The ghost of knot the Sneak, a novice DsAs (D:5)
  A water moccasin (D:5)
  2 ogres (D:5)
  2 scorpions (D:4)
  A howler monkey (D:4)
  A bullfrog zombie (D:5)
  A jelly (D:5)
  An orc wizard (D:4)
  A hound (D:5)
  An orc priest (D:4)
  A worker ant (D:4)
  7 adders
  A shadow imp (D:5)
  An ooze (D:1)
  4 worms
  3 dart slugs
  3 leopard geckos
  4 orcs
  6 bats
  3 giant cockroaches
  9 hobgoblins
  4 jackals (D:3)
  3 quokkas
  A ball python (D:2)
  5 frilled lizards
  7 goblins
  10 kobolds
  A leopard gecko skeleton (D:5)
  7 rats
  A plant (D:3)
93 creatures vanquished.

Notes
Turn   | Place    | Note
-------+----------+-------------------------------------------
     0 | D:1      | ChocoNymphy the Vine Stalker Assassin began the quest for the Orb.
     0 | D:1      | Reached XP level 1. HP: 11/11 MP: 2/2
   110 | D:1      | Reached skill level 5 in Stealth
   226 | D:1      | Reached XP level 2. HP: 7/15 MP: 3/3
   830 | D:1      | Reached XP level 3. HP: 18/18 MP: 4/4
  1025 | D:2      | Reached skill level 6 in Stealth
  1477 | D:2      | Reached skill level 1 in Dodging
  1608 | D:2      | Found a shattered altar of Ashenzari.
  1785 | D:3      | Gained mutation: Your natural rate of healing is unusually fast. [Vine Stalker growth]
  1785 | D:3      | Reached XP level 4. HP: 23/23 MP: 5/5
  2926 | D:4      | Reached XP level 5. HP: 26/26 MP: 6/6
  3144 | D:4      | Reached skill level 7 in Stealth
  3401 | D:4      | Reached XP level 6. HP: 29/32 MP: 7/7
  3538 | D:4      | Found a staircase to the Ecumenical Temple.
  3549 | Temple   | Entered the Ecumenical Temple
  3648 | Temple   | Became a worshipper of Gozag Ym Sagoz the Greedy
  3720 | D:4      | Gained mutation: Scrolls take you a little longer to read. [potion of mutation]
  3720 | D:4      | Gained mutation: You are partially covered in rugged brown scales. (AC +1, +3% HP) [potion of mutation]
  3721 | D:4      | Lost mutation: Scrolls take you a little longer to read. [potion of cure mutation]
  3721 | D:4      | Lost mutation: You are partially covered in rugged brown scales. (AC +1, +3% HP) [potion of cure mutation]
  4164 | D:5      | Entered Level 5 of the Dungeon
  4171 | D:5      | Noticed knot's ghost (novice DsAs)
  4301 | D:5      | Reached XP level 7. HP: 35/35 MP: 8/8
  4343 | D:5      | Found Hyqiusy's Assorted Antiques.
  4644 | D:5      | Found Orcham's Antique Armour Emporium.
  4780 | D:5      | Killed knot's ghost
  4780 | D:5      | Reached skill level 8 in Stealth
  4780 | D:5      | Reached skill level 1 in Evocations
  4780 | D:5      | Gained mutation: You have razor-sharp teeth. [Vine Stalker growth]
  4780 | D:5      | Reached XP level 8. HP: 28/40 MP: 6/9
  4783 | D:5      | Reached skill level 5 in Short Blades
  5084 | D:6      | Noticed a hippogriff
  5141 | D:5      | Killed a hippogriff
  5141 | D:5      | Killed from afar by a hippogriff

Vault maps used:
D:1:      wheals_arrival_linesprint
D:2:      overflow_temple_1_default, first_bread
D:3:      wad_woods_pond
D:5:      serial_shops, nicolae_shop_stone, shop
Temple:   nicolae_temple_hex_pool

Skill      XL: |  1  2  3  4  5  6  7  8 |
---------------+-------------------------+-----
Stealth        | 5 6 7 8 |  8.4
Short Blades   | 2 3 4 5 |  5.1
Dodging        | 1 2 3 |  3.2
Fighting       | 2 3 |  3.3
Evocations     | 1 |  1.2
Staves         | |  0.1
Throwing       | |  1.7
Armour         | |  0.4

Action                   |  1- 3 |  4- 6 |  7- 9 || total
-------------------------+-------+-------+-------++-------
Melee: Dagger            |   100 |   205 |    32 ||   337
       Bite              |    16 |    72 |    20 ||   108
       Staff             |       |       |    30 ||    30
Evoke: Wand              |       |     5 |    18 ||    23
  Use: Scroll            |     6 |     3 |     8 ||    17
       Potion            |       |     5 |     2 ||     7
 Stab: Sleeping          |    13 |    12 |     3 ||    28
       Distracted        |       |     1 |       ||     1
  Eat: Chunk             |     3 |     4 |       ||     7
       Bread ration      |       |     1 |       ||     1
       Beef jerky        |       |       |     2 ||     2
Armor: Robe              |    18 |    22 |     7 ||    47
       Leather armour    |       |       |    28 ||    28
       Skin              |       |       |    14 ||    14
Dodge: Dodged            |    57 |    54 |    54 ||   165
